 Dungeon Crawl Stone Soup version 0.23.1 (webtiles) character file.

Game seed: 4031527708762338326

28 1994 the Grasshopper (level 2, -1/13 HPs)
             Began as a Felid Warper on Mar 9, 2019.
             Slain by an adder (2 damage)
             ... on level 2 of the Dungeon.
             The game lasted 00:06:07 (1219 turns).

1994 the Grasshopper (Felid Warper)                 Turns: 1219, Time: 00:06:07

Health: -1/13      AC:  1    Str:  7    XL:     2   Next: 96%
Magic:  6/6        EV: 18    Int: 14    God:
Gold:   110        SH:  0    Dex: 15    Spells: 1/5 levels left
                                        Lives:  0   Deaths: 0

rFire    . . .     SeeInvis +     - Unarmed
rCold    . . .     Gourm    .   (shield unavailable)
rNeg     . . .     Faith    .   (armour unavailable)
rPois    .         Spirit   .   (helmet unavailable)
rElec    .         Reflect  .   (cloak unavailable)
rCorr    .         Harm     .   (gloves unavailable)
MR       .....                  (boots unavailable)
Stlth    ++........             h - amulet of inaccuracy (curse)
HPRegen  0.04/turn              (no ring)
MPRegen  0.10/turn              (no ring)

@: lethally poisoned (-1 -> -8), quick
A: very small, no armour, no weapons or thrown items, stealth, claws 1, fangs 3,
see invisible, carnivore, speed 1, shaggy fur 1, slow metabolism 1, sharp paws
a: no special abilities


You were on level 2 of the Dungeon.
You were completely stuffed.

You visited 1 branch of the dungeon, and saw 2 of its levels.

You collected 110 gold pieces.

Inventory:

Jewellery
 h - a cursed amulet of inaccuracy (around neck)
Scrolls
 a - 3 scrolls of identify {unknown}
 b - 2 scrolls of blinking
 d - a scroll of remove curse {unknown}
 e - a scroll of enchant weapon {unknown}
 i - a scroll of fear {unknown}
Comestibles
 c - 9 rations
 j - 3 chunks of flesh


   Skills:
 * Level 2.4 Fighting
 + Level 3.3 Dodging
 * Level 1.7 Stealth
 * Level 2.5 Unarmed Combat
 + Level 2.1 Spellcasting
 + Level 0.2 Charms
 - Level 4.4 Translocations


You had one spell level left.
You knew the following spells:

 Your Spells              Type           Power        Failure   Level  Hunger
a - Blink                 Tloc           N/A          6%          2    ###....
b - Shroud of Golubria    Chrm/Tloc      #.........   14%         2    ###....

Your spell library contained the following spells:

 Spells                   Type           Power        Failure   Level  Hunger
 Gell's Gravitas          Tloc           ##........   12%         3    ####...
 Lesser Beckoning         Tloc           ##........   12%         3    ####...
 Teleport Other           Tloc           ##......     12%         3    ####...
 Passage of Golubria      Tloc           N/A          36%         4    #####..


Dungeon Overview and Level Annotations

Branches:
Dungeon (2/15)

Altars:


Innate Abilities, Weirdness & Mutations

You cannot wear armour.
You are incapable of wielding weapons or throwing items.
Your paws allow you to move quietly. (Stealth)
You have sharp claws.
You have razor-sharp teeth.
You have supernaturally acute eyesight. (SInv)
You are carnivorous and can eat meat at any time.
You cover ground quickly.
You are covered in fur. (AC +1)
You have a slow metabolism.
Your sharp claws are effective at attacking unaware monsters.


Message History

You feel magically purged.
You feel a little less mighty now.
You feel sick. The adder closely misses you.
You miss the adder.
The adder is severely wounded.
The adder bites you.
* * * LOW HITPOINT WARNING * * *
A ball python comes into view.
The adder misses you.
Some of the chunks of flesh in your inventory have rotted away.
Put on which piece of jewellery? (? for menu, Esc to quit)
Okay, then.
Unknown command.
You miss the adder.
The adder is severely wounded.
The adder bites you but does no damage.
You miss the adder.
The adder is severely wounded.
The adder bites you.
You die...

###..#. .. .
..#..#.#.#.#
#.#..#...#.#
#.#.#..##....#
#.#.#..##(...#
#.#.#.....S..#
#.#....#.....#
#.######.....#
#.#..@SS.#+#.#
#.#)######.#.#
#....# #...#
###..#####...+
#...##......#
#..###.##..)# #..#
#.##...#######
#..###.##.........#
#......##.#.....#.#


You could see an adder and a ball python (wandering).

Vanquished Creatures
  A dart slug (D:1)
  3 bats (D:1)
  6 goblins
  4 hobgoblins
  2 ball pythons (D:1)
  2 frilled lizards (D:1)
  2 kobolds
  5 rats (D:1)
25 creatures vanquished.

Notes
Turn   | Place    | Note
-------+----------+-------------------------------------------
     0 | D:1      | 1994 the Felid Warper began the quest for the Orb.
     0 | D:1      | Reached XP level 1. HP: 9/9 MP: 4/4
   163 | D:1      | Reached skill level 1 in Stealth
   168 | D:1      | Reached XP level 2. HP: 13/13 MP: 6/6
   180 | D:1      | Learned a level 2 spell: Blink
   183 | D:1      | Learned a level 2 spell: Shroud of Golubria
  1219 | D:2      | Slain by an adder

Skill      XL: |  1 |
---------------+----+-----
Stealth        | 1 |  1.7
Fighting       | |  2.4
Dodging        | |  3.3
Unarmed Combat | |  2.5
Spellcasting   | |  2.1
Charms         | |  0.2
Translocations | |  4.4

Action                   || total
-------------------------++-------
Melee: Unarmed           ||   103
       Bite              ||     6
 Cast: Shroud of Golubri ||     1
  Use: Potion            ||     2
 Stab: Sleeping          ||     5
  Eat: Chunk             ||     8
Armor: Skin              ||    11
Dodge: Dodged            ||    78
